 Dungeon Crawl Stone Soup version 0.27-a0-1158-gaa87e14f67 (webtiles) character file.

Game seed: 10517395334235355398

14 tilp the Caller (level 2, -1/21 HPs)
             Began as a Barachi Summoner on May 15, 2021.
             Slain by a quokka (3 damage)
             ... on level 1 of the Dungeon.
             The game lasted 00:01:30 (907 turns).

tilp the Caller (Barachi Summoner)                   Turns: 907, Time: 00:01:31

Health: -1/21      AC:  2    Str:  9    XL:     2   Next: 45%
Magic:  0/5        EV: 12    Int: 15    God:
Gold:   73         SH:  0    Dex: 12    Spells: 2/5 levels left

rFire    . . .     SeeInvis .   a - +0 dagger
rCold    . . .     Faith    .   (no shield)
rNeg     . . .     Spirit   .   c - +0 robe
rPois    .         Reflect  .   (no helmet)
rElec    .         Harm     .   (no cloak)
rCorr    .         Rampage  .   (no gloves)
Will     .....                  (no boots)
Stlth    ++........             (no amulet)
HPRegen  0.07/turn              (no ring)
MPRegen  0.09/turn              (no ring)

@: unable to hop, slow
A: amphibious, slowness 1, strong legs 1, +LOS
a: Hop


You were on level 1 of the Dungeon.
You visited 1 branch of the dungeon, and saw 2 of its levels.

You collected 73 gold pieces.

Inventory:

Hand Weapons
 a - a +0 dagger (weapon)
Missiles
 e - 20 stones (quivered)
Armour
 c - a +0 robe (worn)
Potions
 d - a potion of attraction
 g - a potion of berserk rage
 h - a potion of lignification {unknown}


   Skills:
 + Level 1.0 Fighting
 + Level 2.5 Dodging
 * Level 2.4 Stealth
 - Level 2.1 Spellcasting
 - Level 4.8 Summonings


You had 2 spell levels left.
You knew the following spells:

 Your Spells              Type           Power      Damage    Failure   Level
a - Summon Small Mammal   Summ           64%        N/A       3%          1
b - Call Imp              Summ           16%        N/A       4%          2

Your spell library contained the following spells:

 Spells                   Type           Power      Damage    Failure   Level
 Call Canine Familiar     Summ           16%        N/A       9%          3
 Summon Guardian Golem    Hex/Summ       8%         N/A       24%         3
 Summon Ice Beast         Ice/Summ       8%         N/A       63%         4
 Summon Lightning Spire   Summ/Air       8%         N/A       63%         4


Dungeon Overview and Level Annotations

Branches:
Dungeon (2/15)

Altars:


Innate Abilities, Weirdness & Mutations

You are amphibious.
You cover ground slowly.
You can hop short distances.
You have an extended range of vision and can be seen from far away.


Message History

You kill the quokka!
The quokka completely misses you.
You climb upwards.
There is a stone staircase leading down here.
Casting: Summon Small Mammal (safe; 3% risk of failure)
Confirm with . or Enter, or press ? or * to list all spells.
A shadowy apparition takes form in the air.
The quokka bites you. x2
* * * LOW HITPOINT WARNING * * *
Unknown command.
You swap places.
The quokka barely misses you.
Your shadow imp hits the quokka but does no damage.
Your shadow imp barely misses the quokka.
The quokka barely misses you. The quokka bites you.
* * * LOW HITPOINT WARNING * * *
Casting: Call Imp (safe; 4% risk of failure)
Confirm with . or Enter, or press ? or * to list all spells.
A shadowy apparition takes form in the air.
The quokka bites you but does no damage.
Your shadow imp closely misses the quokka.
The quokka bites you.
* * * LOW HITPOINT WARNING * * *
Hop to where?
Press: ? - help, Dir - move target Boing!
Casting: Call Imp (safe; 4% risk of failure)
Confirm with . or Enter, or press ? or * to list all spells.
You don't have enough magic to cast this spell.
Casting: Call Imp (safe; 4% risk of failure)
Confirm with . or Enter, or press ? or * to list all spells.
Casting: Summon Small Mammal (safe; 3% risk of failure)
Confirm with . or Enter, or press ? or * to list all spells.
Your bat hits the quokka but does no damage.
Your bat hits the quokka.
Your quokka bites the quokka but does no damage.
You hit the quokka but do no damage.
The quokka is moderately wounded.
The quokka bites you.
You die...

..#####.#.#
#..........# ..# #..##
##.........# ..#
##..#########.........#
..#
##........############
### #........#
##....b..# #...55..#
#....rr.# #......@#
#.......# #########


You could see a quokka (ally target), 2 friendly shadow imps, a friendly quokka
(summoned) and a friendly bat (summoned).

Vanquished Creatures
  A dart slug (D:1)
  2 ball pythons (D:1)
  An endoplasm (D:1)
  A hobgoblin (D:1)
  A jackal (D:1)
  A quokka (D:2)
7 creatures vanquished.

Vanquished Creatures (collateral kills)
  A dart slug (D:1)
  A giant cockroach (D:1)
  A jackal (D:1)
  A kobold (D:1)
  A rat (D:1)
5 creatures vanquished.

Grand Total: 12 creatures vanquished

Notes
Turn   | Place    | Note
-------+----------+-------------------------------------------
     0 | D:1      | tilp the Barachi Summoner began the quest for the Orb.
     0 | D:1      | Reached XP level 1. HP: 13/13 MP: 3/3
    56 | D:1      | Found a faded altar of an unknown god.
   279 | D:1      | Reached XP level 2. HP: 20/20 MP: 5/5
   282 | D:1      | Learned a level 2 spell: Call Imp
   704 | D:1      | Reached skill level 1 in Fighting
   902 | D:1      | HP: 1/21 [quokka (1)]
   907 | D:1      | Slain by a quokka

Illustrated notes

Levels and vault maps discovered:
D:1:      nzn_arrival_depleted_hourglass, layout_rooms,
          shapermc_ecumenical_altar_gd, minmay_misc_feat_hallway
D:2:      layout_basic, chequers_serial_rivers_micro_b, minmay_crystal_water,
          uniq_crazy_yiuf_cottage

Skill      XL: |  1  2 |
---------------+-------+-----
Stealth        | 2 |  2.4
Fighting       | 1 |  1.0
Dodging        | |  2.5
Spellcasting   | |  2.1
Summonings     | |  4.8

Action                   || total
-------------------------++-------
Melee: Dagger            ||    31
 Cast: Summon Small Mamm ||     7
       Call Imp          ||     6
 Abil: Hop               ||     1
  Use: Scroll            ||     3
 Stab: Sleeping          ||     4
Armor: Robe              ||     4
Dodge: Dodged            ||    24

Table legend: (Time is in decaauts)
 A = Elapsed time spent in this place.
 B = Non-inter-level travel time spent in this place.
 C = Inter-level travel time spent in this place.
 D = Time resting spent in this place.
 E = Time spent auto-exploring this place.
 F = Levels seen in this place.
 G = Mean time per level.
                   A        B        C        D        E       F      G
               +--------+--------+--------+--------+--------+-----+--------+
         Total |    984 |    977 |      7 |    122 |    711 |   2 |  492.0 |
       Dungeon |    984 |    977 |      7 |    122 |    711 |   2 |  492.0 |
               +--------+--------+--------+--------+--------+-----+--------+

Top non-repeatable levels by time:
     D:1: 979 daAuts
     D:2: 5 daAuts
